 Dungeon Crawl Stone Soup version 0.17-a0-1186-gbffdd7f (webtiles) character file.

5618 Geeful the Covert (level 10, -1/80 HPs)
             Began as a Demonspawn Abyssal Knight on June 1, 2015.
             Was a High Priest of Lugonu.
             Slain by a slime creature (16 damage)
             ... on level 10 of the Dungeon.
             The game lasted 00:48:55 (12382 turns).

Geeful the Covert (Demonspawn Abyssal Knight)      Turns: 12382, Time: 00:48:55

Health: -1/80      AC: 13    Str: 12    XL:     10   Next: 45%
Magic:  11/11      EV: 15    Int: 15    God:    Lugonu [*****.]
Gold:   601        SH:  3    Dex: 15    Spells: 0 memorised, 9 levels left

rFire  . . .     SeeInvis .     a - +2 dagger (venom)
rCold  + . .     Clarity  .     h - +2 leather armour {rC+}
rNeg   + . .     SustAt   +     (no shield)
rPois  .         Gourm    .     p - +0 helmet
rElec  .         Spirit   .     x - +0 cloak
rCorr  .         Warding  .     A - +0 pair of gloves
rMut   .         Stasis   .     j - +1 pair of boots
MR     .....                    (no amulet)
Stlth  ++++......               M - ring of sustain attributes
                                D - ring of positive energy

@: about to teleport, not resistant to hostile enchantments, stealthy
A: talons 2, large bone plates 2, powered by death 1
a: Depart the Abyss, Bend Space, Banish, Corrupt, Enter the Abyss, Renounce
Religion


You were on level 10 of the Dungeon.
You worshipped Lugonu.
Lugonu was extremely pleased with you.
You were hungry.

You visited 1 branch of the dungeon, and saw 10 of its levels.
You visited the Abyss 1 time.

You collected 601 gold pieces.

Inventory:

Hand weapons
 a - a +2 dagger of venom (weapon)
 b - a +0 blowgun
 y - a +0 short sword of protection
Missiles
 e - 3 javelins (quivered)
 f - 61 poisoned needles
 r - 35 tomahawks
Armour
 h - a +2 leather armour of cold resistance (worn)
 j - a +1 pair of boots (worn)
 o - a +2 animal skin
 p - a +0 helmet (worn)
 x - a +0 cloak (worn)
 A - a +0 pair of gloves (worn)
Jewellery
 D - a ring of positive energy (left hand)
 G - an uncursed ring of magical power
 M - a ring of sustain attributes (right hand)
Magical devices
 d - a wand of polymorph (22)
 v - a wand of random effects (6)
 E - a wand of lightning (10)
 H - a wand of slowing (15)
Scrolls
 k - 11 scrolls of identify
 m - 5 scrolls of remove curse
 n - a scroll of amnesia
 t - a scroll of enchant weapon
 B - a scroll of magic mapping
 F - a scroll of fog
Potions
 i - 3 potions of curing
 u - 2 potions of flight
 w - a potion of magic
 z - 2 potions of agility
Books
 g - a Necronomicon {highlevel, unknown}

   This book is beyond your current level of understanding.

   Spells                             Type                      Level
   a - Haunt                          Necromancy/Summoning         7
   b - Borgnjor's Revivification      Necromancy                   8
   c - Death's Door                   Charms/Necromancy            8
   d - Necromutation                  Transmutation/Necromancy     8
 s - a book of Spatial Translocations

   Spells                             Type                      Level
   a - Apportation                    Translocation                1
   b - Blink                          Translocation                2
   c - Shroud of Golubria             Charms/Translocation         2
   d - Portal Projectile              Translocation                3
   e - Teleport Other                 Translocation                3
   f - Passage of Golubria            Translocation                4
 K - a book of Transfigurations

   Spells                             Type                      Level
   a - Stoneskin                      Transmutation/Earth          2
   b - Irradiate                      Conjuration/Transmutation    5
   c - Statue Form                    Transmutation/Earth          6
   d - Hydra Form                     Transmutation                6
   e - Dragon Form                    Transmutation                7
 L - a book of Burglary

   Spells                             Type                      Level
   a - Swiftness                      Charms/Air                   2
   b - Passwall                       Transmutation/Earth          3
   c - Passage of Golubria            Translocation                4
   d - Lee's Rapid Deconstruction     Earth                        5
   e - Invisibility                   Hexes                        6
   f - Darkness                       Hexes                        7
Comestibles
 c - 8 bread rations
 l - 5 meat rations
 C - 8 slices of pizza
 I - 2 fruits


   Skills:
 + Level 7.7 Fighting
 + Level 6.8 Short Blades
 - Level 1.7 Armour
 + Level 6.6 Dodging
 * Level 9.5 Stealth
 - Level 2.4 Invocations


You had 9 spell levels left.
You didn't know any spells.

Dungeon Overview and Level Annotations

Branches:
Dungeon (10/15)            Temple (0/1) D:6
   Lair: D:8-11         Orc: D:9-12

Altars:
Ashenzari
Cheibriados
Gozag
Kikubaaqudgha
Nemelex Xobeh
Qazlal
Sif Muna
Xom
The Shining One

Shops:
D:6 !

Annotations:
D:4 AnnoyedKobold's ghost, average SpAs


Innate Abilities, Weirdness & Mutations

You have razor-sharp toenails.
You are mostly covered in large bone plates (AC +3, SH +3).
You can steal the life force of nearby defeated enemies.


Message History

The slime creature is lightly wounded.
The slime creature hits you!
Read which item? (? for menu, Esc to quit)
As you read the scroll of teleportation, it crumbles to dust.
You feel strangely unstable. The slime creature closely misses you.
You hit the slime creature.
The slime creature is lightly wounded.
You hit the slime creature.
The slime creature looks even sicker.
The slime creature is lightly wounded.
You block the slime creature's attack.
You hit the slime creature.
The slime creature is lightly wounded.
The slime creature hits you!
* * * LOW HITPOINT WARNING * * *
You hit the slime creature.
The slime creature is moderately wounded.
You barely miss the slime creature.
The slime creature is moderately wounded.
The slime creature hits you!
You die...

#######+####
#..........#
#..........#
##..........#
.'..........#
#.%....J.[.#
#.....<@...#
#..........#
############


You could see a slime creature.

Vanquished Creatures
  Pikel (D:9)
  An oklob plant (D:10)
  Psyche (D:8)
  A slime creature (D:10)
  A spriggan (D:8)
  The ghost of AnnoyedKobold the Nimble, an average SpAs (D:7)
  6 ice beasts
  An orc warrior (D:8)
  A sky beast (D:8)
  7 ogres
  A necrophage (D:4)
  A centaur (D:8)
  A big kobold (D:9)
  5 giant frogs
  3 scorpions
  A water moccasin skeleton (D:7)
  15 killer bees
  A quasit (D:9)
  A hound (D:4)
  3 crimson imps
  A giant frog zombie (D:7)
  A gnoll shaman (D:9)
  An iguana (D:9)
  Jessica (D:3)
  5 orc priests
  Natasha (D:3)
  5 orc wizards
  12 worker ants
  2 hound zombies (D:5)
  Robin (D:2)
  14 adders
  7 gnolls
  An adder zombie (D:5)
  5 worms
  2 adder skeletons
  7 giant geckos
  30 orcs
  A bat zombie (D:7)
  4 giant cockroaches
  16 hobgoblins
  10 jackals
  21 kobolds
  2 ball pythons
  19 bats
  8 giant newts
  24 goblins
  2 quokkas
  7 rats
263 creatures vanquished.

Vanquished Creatures (others)
  A killer bee zombie (D:9)
  A hobgoblin (D:9)
2 creatures vanquished.

Grand Total: 265 creatures vanquished

Notes
Turn   | Place    | Note
--------------------------------------------------------------
     0 | Abyss:1  | Geeful the Demonspawn Abyssal Knight began the quest for the Orb.
     0 | Abyss:1  | Reached XP level 1. HP: 18/18 MP: 2/2
    38 | Abyss:1  | Noticed an ancient zyme
    39 | D:1      | Escaped the Abyss
   105 | D:1      | Reached skill level 1 in Dodging
   274 | D:1      | Acquired Lugonu's first power
   278 | D:1      | Reached skill level 1 in Stealth
   298 | D:1      | Gained mutation: You have sharp toenails. [demonic ancestry]
   298 | D:1      | Reached XP level 2. HP: 20/24 MP: 3/3
  1035 | D:2      | Noticed Robin
  1053 | D:2      | Killed Robin
  1053 | D:2      | Reached XP level 3. HP: 23/29 MP: 4/4
  1284 | D:2      | Acquired Lugonu's second power
  1470 | D:2      | Reached XP level 4. HP: 22/35 MP: 5/5
  3141 | D:3      | Gained mutation: You are partially covered in large bone plates (AC +2, SH +2). [demonic ancestry]
  3141 | D:3      | Reached XP level 5. HP: 19/41 MP: 6/6
  3170 | D:3      | Acquired Lugonu's third power
  3846 | D:3      | Noticed Jessica
  3857 | D:3      | Killed Jessica
  4031 | D:3      | Found a sparkling altar of Nemelex Xobeh.
  4069 | D:4      | Noticed Natasha
  4080 | D:3      | Killed Natasha
  4080 | D:3      | Reached XP level 6. HP: 46/48 MP: 7/7
  4281 | D:4      | Found a shimmering altar of Xom.
  4332 | D:4      | Got a dazzling whip
  4333 | D:4      | Identified the +7 whip of Eptienle {antimagic, +Inv rC+ Int+4} (You found it on level 4 of the Dungeon)
  4530 | D:4      | Noticed AnnoyedKobold's ghost (average SpAs)
  4728 | D:4      | Noticed an ice beast
  4746 | D:4      | Killed an ice beast
  4746 | D:4      | Reached skill level 4 in Fighting
  4746 | D:4      | Gained mutation: You are mostly covered in large bone plates (AC +3, SH +3). [demonic ancestry]
  4746 | D:4      | Reached XP level 7. HP: 45/54 MP: 8/8
  5212 | D:4      | Acquired Lugonu's fourth power
  5535 | D:5      | Entered Level 5 of the Dungeon
  5733 | D:5      | Found a snail-covered altar of Cheibriados.
  5760 | D:5      | Reached skill level 5 in Stealth
  6514 | D:6      | Found a staircase to the Ecumenical Temple.
  6538 | D:6      | Reached XP level 8. HP: 61/61 MP: 9/9
  6783 | D:6      | Found Oparchem's Distillery.
  7101 | D:7      | Reached skill level 5 in Fighting
  7462 | D:7      | Killed AnnoyedKobold's ghost
  7462 | D:7      | Reached skill level 6 in Stealth
  7552 | D:7      | Found a shattered altar of Ashenzari.
  7672 | D:7      | Acquired Lugonu's fifth power
  7703 | D:7      | Reached skill level 5 in Short Blades
  8496 | D:8      | Gained mutation: You have razor-sharp toenails. [demonic ancestry]
  8496 | D:8      | Reached XP level 9. HP: 67/69 MP: 10/10
  8543 | D:8      | Reached skill level 5 in Dodging
  8543 | D:8      | Reached skill level 7 in Stealth
  8960 | D:8      | Found a stormy altar of Qazlal.
  8961 | D:8      | Found an opulent altar of Gozag.
  9310 | D:8      | Noticed Psyche
  9343 | D:8      | Killed Psyche
  9343 | D:8      | Reached skill level 8 in Stealth
  9772 | D:8      | Noticed a four-headed hydra
 10458 | D:9      | Found an ancient bone altar of Kikubaaqudgha.
 10458 | D:9      | Found a deep blue altar of Sif Muna.
 10664 | D:9      | Noticed Pikel
 10693 | D:9      | Killed Pikel
 10693 | D:9      | Gained mutation: You can steal the life force of nearby defeated enemies. [demonic ancestry]
 10693 | D:9      | Reached XP level 10. HP: 20/79 MP: 11/11
 11168 | D:9      | Reached skill level 9 in Stealth
 11487 | D:10     | Entered Level 10 of the Dungeon
 11607 | D:10     | Found a glowing golden altar of the Shining One.
 11608 | D:10     | Noticed an oklob plant
 11619 | D:10     | Killed an oklob plant
 12382 | D:10     | Slain by a slime creature

Vault maps used:
D:1:      shiori_shiawase, minmay_distorted
D:2:      serial_forest, infiniplex_forest_clump_small,
          infiniplex_forest_clump_cross, infiniplex_forest_lined_2,
          infiniplex_forest_clump_tiny, infiniplex_forest_straight_3,
          hex_medium, uniq_robin
D:3:      first_bread, nemelex_diamond_rough_becter, uniq_jessica
D:4:      tgw_xom, uniq_natasha
D:5:      lemuel_crystal_altar
D:6:      minmay_temple_entry_junction, serial_shops, shop
D:7:      ashenzari_altar_1, minmay_misc_feat_columns
D:8:      wad_cavern_with_rooms, gammafunk_temple_overflow_statue,
          grunt_pizzeria, feat_on_display, uniq_psyche
D:9:      amethyst_overflow_temple_binary, uniq_pikel
D:10:     lair_0_dummy, serial_shops, shop, lemuel_oklob_altar
Abyss:1:  evilmike_abyss_exit_12

Action                   |  1- 3 |  4- 6 |  7- 9 | 10-12 || total
-------------------------+-------+-------+-------+-------++-------
Melee: Short sword       |   146 |   278 |   261 |    26 ||   711
       Unarmed           |    18 |       |       |       ||    18
       Dagger            |       |       |   513 |   144 ||   657
 Fire: Blowgun           |       |    12 |    31 |       ||    43
Invok: Depart the Abyss  |     1 |       |       |       ||     1
Evoke: Wand              |       |     7 |     4 |       ||    11
  Use: Potion            |     1 |     6 |     6 |     1 ||    14
       Scroll            |       |     8 |     7 |     1 ||    16
 Stab: Sleeping          |     1 |     9 |    26 |     2 ||    38
       Distracted        |       |       |     3 |       ||     3
  Eat: Chunk             |     2 |    10 |    17 |     3 ||    32
       Pizza             |       |       |     2 |       ||     2
       Fruit             |       |       |       |     1 ||     1
       Beef jerky        |       |       |       |     1 ||     1
